Map: 2000 Atmospheres LE

Players

DisK

  • Race: Protoss Protoss

Neeb - Winner!

  • Race: Protoss Protoss

Event: DreamHack SC2 Masters 2021 Summer

VOD

Have the link to the VOD?

Description

Time

  • Played on: June 2, 2021, 4:24 p.m.
  • Length: 9:41

All games in this series

Show
View Real Time Build Order
Export as new Build Order

DisK Protoss 

Build Orders:  

Get SALT Encoding   

  12  0:00  Probe  
  13  0:12  Probe  
  14  0:17  Pylon  
  14  0:24  Probe  
  15  0:36  Probe (Chrono Boost), Gateway  
  16  0:46  Probe (Chrono Boost), Assimilator  
  17  0:51  Probe (Chrono Boost)  
  17  0:56  Assimilator  
  18  1:03  Probe (Chrono Boost)  
  19  1:09  Gateway  
  19  1:14  Probe (Chrono Boost)  
  20  1:20  Probe  
  21  1:27  Cybernetics Core  
  22  1:32  Probe  
  22  1:41  Pylon  
  22  1:44  Probe  
  23  1:58  Pylon  
  23  2:04  Stalker x2  
  23  2:05  Warp Gate (Chrono Boost)  
  27  2:20  Pylon  
  27  2:34  Stalker x2  
  31  2:44  Gateway  
  31  3:02  Pylon  
  31  3:04  Stalker x2  
  35  3:41  Pylon  
  35  3:42  Stalker x3  
  39  4:01  Pylon  
  39  4:11  Stalker  
  39  4:12  Stalker x2  
  42  4:39  Stalker x3  
  48  4:52  Shield Battery  
  48  4:54  Shield Battery  
  48  4:56  Shield Battery  
  46  5:07  Stalker x3  
  46  5:12  Shield Battery  
  52  5:16  Shield Battery  
  50  5:38  Stalker x2  
  52  5:43  Shield Battery  
  48  5:57  Stalker  
  48  6:02  Stalker x2  
  54  6:13  Shield Battery  
  54  6:29  Stalker  
  54  6:39  Stalker  
  54  6:43  Shield Battery  
  50  7:00  Stalker  
  50  7:01  Stalker  
  46  7:16  Stalker  
  46  7:25  Stalker x2  
  50  7:41  Sentry  
  44  7:51  Stalker x2  
  48  8:07  Stalker  
  50  8:14  Stalker  
  50  8:15  Stalker  
  52  8:27  Stalker  
  46  8:44  Stalker x2  
  48  8:49  Zealot  
  46  9:14  Stalker x3  
Show
View Real Time Build Order
Export as new Build Order

Neeb Protoss - Winner!

Build Orders: Phoenix Opening, Proxy Void Ray 

Get SALT Encoding   

  12  0:00  Probe  
  13  0:12  Probe  
  14  0:19  Pylon  
  14  0:24  Probe  
  15  0:37  Probe (Chrono Boost), Gateway  
  16  0:46  Probe (Chrono Boost)  
  16  0:47  Assimilator  
  17  0:51  Probe  
  17  0:56  Assimilator  
  18  1:03  Probe (Chrono Boost)  
  19  1:05  Pylon  
  19  1:12  Probe (Chrono Boost)  
  19  1:17  Probe (Chrono Boost)  
  20  1:24  Cybernetics Core  
  21  1:29  Probe  
  22  1:33  Zealot  
  24  1:41  Probe  
  25  1:53  Probe  
  28  2:01  Sentry (Chrono Boost)  
  28  2:16  Nexus  
  28  2:20  Stalker (Chrono Boost)  
  30  2:27  Stargate  
  30  2:29  Phoenix  
  30  2:35  Shield Battery  
  30  2:38  Probe  
  30  2:40  Warp Gate  
  31  2:49  Pylon  
  31  3:06  Void Ray (Chrono Boost)  
  31  3:07  Probe, Stalker  
  38  3:21  Forge  
  38  3:29  Shield Battery  
  38  3:33  Void Ray (Chrono Boost)  
  42  3:54  Photon Cannon  
  42  3:57  Probe x2, Photon Cannon  
  44  4:04  Stalker  
  44  4:09  Void Ray  
  48  4:33  Shield Battery  
  48  4:37  Probe  
  48  4:38  Probe, Robotics Facility  
  50  4:41  Shield Battery  
  50  4:45  Stalker  
  52  4:53  Pylon  
  52  4:56  Probe x2  
  54  5:10  Void Ray  
  54  5:11  Probe  
  53  5:18  Probe  
  58  5:22  Shield Battery  
  58  5:29  Immortal (Chrono Boost)  
  58  5:31  Shield Battery  
  52  5:50  Photon Cannon  
  54  5:59  Immortal (Chrono Boost)  
  54  6:01  Photon Cannon x2  
  56  6:10  Void Ray  
  56  6:14  Photon Cannon  
  60  6:27  Gateway  
  60  6:35  Pylon  
  60  6:38  Immortal (Chrono Boost)  
  60  6:40  Pylon  
  60  6:42  Photon Cannon  
  60  6:50  Probe x2  
  50  7:02  Probe  
  46  7:14  Gateway  
  46  7:15  Immortal (Chrono Boost)  
  45  7:19  Gateway  
  45  7:22  Photon Cannon  
  49  7:24  Photon Cannon  
  49  7:25  Zealot  
  49  7:29  Cybernetics Core  
  51  7:33  Photon Cannon  
  51  7:44  Immortal (Chrono Boost)  
  49  7:56  Zealot  
  49  8:10  Shield Battery  
  49  8:12  Shield Battery  
  47  8:16  Immortal (Chrono Boost)  
  47  8:18  Shield Battery, Stalker  
  47  8:19  Stalker  
  55  8:24  Stalker  
  55  8:33  Pylon  
  51  8:46  Immortal (Chrono Boost)  
  59  8:54  Stalker  
  61  9:00  Stalker x2  
  53  9:25  Stalker x2  
  53  9:28  Shield Battery  
  53  9:29  Stalker  
Tags
 
Add a new tag
Caveats
  • Supply blocks, unpowered buildings, or Contaminate may cause inaccurate times.
  • Supply counts are checked every 10 seconds.